 Dungeon Crawl Stone Soup version 0.25.1-2-g60ff931df9 (webtiles) character file.

Game seed: 12147210742449586311

7005 hawla the Destroyer (level 10, -2/72 HPs)
             Began as a Grey Draconian Conjurer on Nov 16, 2020.
             Was a Believer of Vehumet.
             Slain by a large abomination (33 damage)
             ... on level 1 of the Abyss.
             The game lasted 01:02:42 (16051 turns).

hawla the Destroyer (Grey Draconian Conjurer)      Turns: 16051, Time: 01:02:43

Health: -2/72      AC: 15    Str: 14    XL:     10   Next: 82%
Magic:  10/21      EV: 13    Int: 18    God:    Vehumet [**....]
Gold:   610        SH:  0    Dex: 12    Spells: 4/24 levels left

rFire    + + .     SeeInvis +   m - staff of energy
rCold    + . .     Gourm    .   (no shield)
rNeg     + . .     Faith    .   (armour unavailable)
rPois    +         Spirit   .   c - +0 hat
rElec    .         Reflect  .   r - scarf {repulsion}
rCorr    .         Harm     .   t - +0 pair of gloves {Str+3}
MR       .....                  s - +1 pair of boots
Stlth    +++.......             y - amulet "Ymucla" {Regen+ Slay+3 SInv}
HPRegen  0.62/turn              x - ring of Fadi {rPois rF++ rC+ rN+ Slay+2}
MPRegen  0.17/turn              l - ring of stealth

@: repel missiles
A: walk through water, unfitting armour, unbreathing, cold-blooded, AC +12
a: Renounce Religion


You were on level 1 of the Abyss.
You worshipped Vehumet.
Vehumet was pleased with you.
You were not hungry.

You visited 2 branches of the dungeon, and saw 10 of its levels.
You visited the Abyss 1 time.

You collected 610 gold pieces.

Inventory:

Missiles
 g - 12 boomerangs (quivered)
 n - 5 throwing nets
 B - 85 stones
Armour
 c - a +0 hat (worn)
 r - a scarf of repulsion (worn)
 s - a +1 pair of boots (worn)
 t - a +0 pair of gloves of strength (worn)
Magical Staves
 m - an uncursed staff of energy (weapon)
 p - an uncursed staff of wizardry
Jewellery
 d - an uncursed ring of protection from cold
 h - an uncursed ring of positive energy
 l - a ring of stealth (right hand)
 o - an uncursed ring of wizardry
 x - the ring of Fadi (left hand) {rPois rF++ rC+ rN+ Slay+2}
   (You took it off an orc warrior on level 7 of the Dungeon)

   [ring of protection from cold]

   It affects your accuracy and damage with ranged weapons and melee attacks
   (+2).
   It greatly protects you from fire.
   It protects you from cold.
   It protects you from poison.
   It protects you from negative energy.
 y - the amulet "Ymucla" (around neck) {Regen+ Slay+3 SInv}
   (You found it on level 7 of the Dungeon)

   [amulet of regeneration]

   It affects your accuracy and damage with ranged weapons and melee attacks
   (+3).
   It lets you see invisible.
   It increases your rate of regeneration.
 z - an uncursed amulet of magic regeneration
Wands
 w - a wand of iceblast (1)
Scrolls
 a - a scroll of enchant armour
 e - 3 scrolls of identify
 i - 4 scrolls of remove curse
 q - a scroll of blinking
 E - a scroll of noise {unknown}
Potions
 f - a potion of mutation {unknown}
 j - 3 potions of stabbing
 k - a potion of magic
 u - a potion of degeneration {unknown}
 A - a potion of flight {unknown}
 C - a potion of curing
 D - 2 potions of invisibility
Comestibles
 b - 8 rations


   Skills:
 - Level 1.4 Fighting
   Level 0.1(0.3) Maces & Flails
 - Level 0.7 Staves
 - Level 3.0 Dodging
 - Level 3.0 Stealth
 - Level 7.5 Spellcasting
 - Level 9.5 Conjurations
 + Level 5.9 Hexes
 - Level 6.7 Translocations
 + Level 0.7 Fire Magic
 + Level 2.9 Ice Magic
 - Level 2.7 Earth Magic
 - Level 4.0 Evocations


You had 4 spell levels left.
You knew the following spells:

 Your Spells              Type           Power        Failure   Level  Hunger
a - Magic Dart            Conj           ####         1%          1    None
b - Searing Ray           Conj           #####.       1%          2    None
c - Fulminant Prism       Conj/Hex       ####......   4%          4    None
d - Iskenderun's Mystic   Conj/Tloc      #####...     3%          4    None
e - Sandblast             Erth           ###...       3%          1    None
f - Blink                 Tloc           N/A          1%          2    None
g - Metabolic Englaciati  Hex/Ice        ###.......   41%         5    None
h - Foxfire               Conj/Fire      ####         1%          1    None

Your spell library contained the following spells:

 Spells                   Type           Power        Failure   Level  Hunger
 Slow                     Hex            ####....     1%          2    None
 Dazzling Flash           Conj/Hex       ####..       1%          3    None
 Gell's Gravitas          Tloc           ####......   1%          3    None
 Confusing Touch          Hex            ####....     2%          3    None
 Conjure Flame            Conj/Fire      ####....     3%          3    None
 Mephitic Cloud           Conj/Pois/Air  ###.....     9%          3    None
 Call Imp                 Summ           #.......     16%         2    None
 Petrify                  Tmut/Erth      ##......     50%         4    None
 Yara's Violent Unravell  Hex/Tmut       ###.......   63%         5    None


Dungeon Overview and Level Annotations

Branches:
Dungeon (9/15)             Temple (1/1) D:7
   Lair: D:8-11         Orc: D:9-12

Altars:
Ashenzari
Cheibriados
Dithmenos
Elyvilon
Fedhas
Gozag
Hepliaklqana
Kikubaaqudgha
Makhleb
Nemelex Xobeh
Okawaru
Qazlal
Ru
Sif Muna
Trog
Uskayaw
Vehumet
Wu Jian
Xom
Yredelemnul
Zin
The Shining One

Annotations:
D:7 1 runed translucent door
D:9 Erolcha


Innate Abilities, Weirdness & Mutations

You can walk through water.
Your dull iron-grey scales are very hard. (AC +12)
You cannot fit into any form of body armour.
You can survive without breathing.
You are cold-blooded and may be slowed by cold attacks.


Message History

Aiming: Fulminant Prism (dangerous; 4% risk of failure)
Press: ? - help, Dir - move target cursor You conjure a prism of explosive energy!
A fulminant prism comes into view.
You hear a loud crackle.
You hear an explosion!
The blast of energy engulfs the large abomination!!
The large abomination is heavily damaged.
You hear a roar! x2; You hear a shout!
Casting: Fulminant Prism (dangerous; 4% risk of failure)
Confirm with . or Enter, or press ? or * to list all spells.
Aiming: Fulminant Prism (dangerous; 4% risk of failure)
Press: ? - help, Dir - move target cursor You conjure a prism of explosive energy!
A fulminant prism comes into view.
The large abomination hits you! The large abomination hits you!!
Your fulminant prism crackles loudly.
The large abomination hits you!!
You die...

....... #.
..#......
. ##...#.
# #
#.......
#.#.....#
#.......##
#§#. #.#.#
.# ##.#.#
##..#@##
#..#X##
####.# #**
.#.. . #..
.. #.## ..
§# .. .


You could see a large abomination and a friendly fulminant prism.

Vanquished Creatures
  Pikel (D:5)
  Psyche (D:9)
  A yaktaur (D:8)
  A troll (D:7)
  Eustachio (D:4)
  A wyvern (D:9)
  3 yaks (D:9)
  A hungry ghost (D:7)
  2 steam dragons
  An acid dragon (D:7)
  2 water moccasins
  3 orc warriors
  A black bear (D:9)
  2 sky beasts
  A slave (D:5)
  4 ice beasts
  2 necrophages
  5 ogres
  A phantom (D:9)
  3 centaurs
  A crocodile (D:7)
  3 big kobolds
  3 bullfrogs
  2 scorpions
  A water moccasin skeleton (D:9)
  7 wights
  3 crimson imps
  2 quasits
  A bullfrog skeleton (D:7)
  7 hounds
  Crazy Yiuf (D:6)
  7 orc priests
  3 jellies
  8 orc wizards
  2 iguanas
  12 worker ants
  4 hound skeletons
  A worker ant zombie (D:8)
  11 gnolls
  A howler monkey skeleton (D:8)
  8 adders
  2 adder zombies
  3 adder skeletons
  2 worms (D:4)
  4 dart slugs
  6 leopard geckos
  33 orcs
  4 ball pythons
  14 bats
  6 giant cockroaches
  11 goblins
  8 hobgoblins
  4 jackals
  4 quokkas
  A ball python skeleton (D:4)
  3 frilled lizards
  A jackal zombie (D:7)
  16 kobolds
  A quokka skeleton (D:4)
  7 rats
255 creatures vanquished.

Vanquished Creatures (others)
  An orc (D:6)
  2 kobolds (D:9)
  6 foxfires (D:9)
  33 fulminant prisms
  2 plants (D:7)
44 creatures vanquished.

Grand Total: 299 creatures vanquished

Notes
Turn   | Place    | Note
-------+----------+-------------------------------------------
     0 | D:1      | hawla the Draconian Conjurer began the quest for the Orb.
     0 | D:1      | Reached XP level 1. HP: 14/14 MP: 3/3
   150 | D:1      | Reached XP level 2. HP: 15/20 MP: 0/5
  1056 | D:1      | Reached XP level 3. HP: 26/26 MP: 3/7
  1733 | D:2      | Learned a level 2 spell: Searing Ray
  2598 | D:2      | Found a hazy altar of Hepliaklqana.
  2890 | D:3      | Reached XP level 4. HP: 33/33 MP: 5/10
  2896 | D:3      | Learned a level 4 spell: Fulminant Prism
  2901 | D:3      | Learned a level 4 spell: Iskenderun's Mystic Blast
  3433 | D:3      | Reached skill level 1 in Translocations
  3726 | D:3      | Reached XP level 5. HP: 38/38 MP: 8/11
  3828 | D:3      | Reached skill level 1 in Hexes
  3912 | D:3      | Found a shimmering altar of Xom.
  4701 | D:4      | Noticed a sky beast
  4949 | D:4      | Noticed Eustachio
  5064 | D:4      | Reached XP level 6. HP: 35/45 MP: 6/12
  5084 | D:4      | Killed Eustachio
  5288 | D:4      | Killed a sky beast
  5288 | D:4      | Reached skill level 5 in Spellcasting
  5288 | D:4      | Reached skill level 5 in Conjurations
  5288 | D:4      | Your scales start taking on a dull iron-grey colour.
  5288 | D:4      | Reached XP level 7. HP: 30/50 MP: 1/14
  5288 | D:4      | Gained mutation: You can survive without breathing. [Grey
                  | Draconian growth]
  6418 | D:5      | Entered Level 5 of the Dungeon
  6918 | D:5      | Reached XP level 8. HP: 53/57 MP: 6/16
  7242 | D:5      | Identified a scroll of acquirement
  7242 | D:5      | Acquired an uncursed staff of energy
  8048 | D:6      | Noticed Pikel
  8460 | D:5      | Killed Pikel
  8460 | D:5      | Reached skill level 1 in Fighting
  8460 | D:5      | Reached skill level 6 in Conjurations
  8864 | D:6      | Found a runed translucent door.
  8865 | D:6      | Noticed Crazy Yiuf
  9509 | D:6      | Reached XP level 9. HP: 61/64 MP: 2/19
  9993 | D:6      | Killed Crazy Yiuf
  9993 | D:6      | Reached skill level 7 in Conjurations
 10366 | D:7      | Reached skill level 1 in Evocations
 10549 | D:7      | Reached skill level 5 in Translocations
 11101 | D:7      | Reached skill level 8 in Conjurations
 11274 | D:7      | Found a basalt altar of Yredelemnul.
 11329 | D:7      | Found a blossoming altar of Fedhas.
 11596 | D:7      | Noticed a four-headed hydra
 11596 | D:7      | Noticed a troll
 11601 | D:7      | Found a runed translucent door.
 11639 | D:7      | Identified the ring of Fadi {rPois rF++ rC+ rN+ Slay+2}
 11671 | D:7      | HP: 2/64 [shot self (14)]
 11980 | D:7      | Noticed a troll
 12492 | D:7      | Found a staircase to the Ecumenical Temple.
 12497 | Temple   | Entered the Ecumenical Temple
 12509 | Temple   | Became a worshipper of Vehumet
 12608 | D:7      | Killed a troll
 12714 | D:7      | Reached XP level 10. HP: 42/72 MP: 1/21
 12859 | D:7      | Found a blossoming altar of Fedhas.
 12881 | D:7      | Got a crude ruby amulet
 12890 | D:7      | Got a smoking bone ring
 12893 | D:7      | Got a slimy jade ring
 12894 | D:7      | Identified the amulet "Ymucla" {Regen+ Slay+3 SInv} (You
                  | found it on level 7 of the Dungeon)
 12905 | D:7      | Identified the ring "Loimu" {rElec rC+ Str+2 Int-4 Dex+2}
                  | (You found it on level 7 of the Dungeon)
 12907 | D:7      | Identified the ring of Jink {*Tele rC+ Dex+4 Stlth+} (You
                  | found it on level 7 of the Dungeon)
 13831 | D:8      | Reached skill level 5 in Hexes
 13898 | D:8      | Reached skill level 9 in Conjurations
 13900 | D:8      | Reached * piety under Vehumet
 13900 | D:8      | Offered knowledge of Sandblast by Vehumet.
 14265 | D:8      | Learned a level 1 spell: Sandblast
 14416 | D:8      | Learned a level 2 spell: Blink
 14552 | D:8      | Learned a level 5 spell: Metabolic Englaciation
 14821 | D:9      | Reached skill level 1 in Earth Magic
 14887 | D:9      | Reached skill level 1 in Ice Magic
 15195 | D:9      | Noticed Psyche
 15207 | D:9      | Killed Psyche
 15383 | D:9      | Offered knowledge of Foxfire by Vehumet.
 15383 | D:9      | Reached ** piety under Vehumet
 15487 | D:9      | Found the +3 salamander hide armour {+Rage rF++}
 15551 | D:9      | Learned a level 1 spell: Foxfire
 15879 | D:9      | Noticed Erolcha
 15891 | D:9      | Cast into level 1 of the Abyss (Erolcha)
 16044 | Abyss:1  | Noticed a large abomination
 16051 | Abyss:1  | Slain by a large abomination

Illustrated notes

Levels and vault maps discovered:
D:1:      tarquinn_simple_flora_water_e, layout_loops_ring, serial_forest,
          infiniplex_forest_3_way, infiniplex_forest_zigzag_1,
          infiniplex_forest_straight_5, infiniplex_forest_straight_3,
          infiniplex_forest_corner_1, infiniplex_forest_clump_diagonal,
          infiniplex_forest_lined_4_way, infiniplex_forest_lined_2,
          infiniplex_forest_end_2, infiniplex_forest_end_2, minmay_tall_x
D:2:      layout_basic, old_standard_altar
D:3:      layout_loops_corners, xom_teletrap_fun
D:4:      layout_loops_ring, serial_rivers, chequers_serial_rivers_small_b,
          chequers_serial_rivers_small_b, chequers_serial_rivers_small_3,
          chequers_serial_rivers_room_b, first_ration, st_stairs_4,
          uniq_eustachio
D:5:      layout_layer_cave
D:6:      layout_loops_cross, uniq_pikel, uniq_crazy_yiuf_cottage
D:7:      minmay_the_grid_triangle_9x9_rhombus_full
          [minmay_the_grid_triangle_9x9_windchime,
          minmay_the_grid_triangle_9x9_corruption,
          minmay_the_grid_triangle_9x9_descending_squares,
          minmay_the_grid_triangle_9x9_sprig,
          minmay_the_grid_triangle_9x9_subtriangle,
          minmay_the_grid_triangle_9x9_shrine,
          minmay_the_grid_triangle_9x9_odd_lines,
          minmay_the_grid_triangle_9x9_prize_special], layout_basic,
          minmay_temple_entry_statues_pillars, basic_altar,
          lemuel_altar_in_water
D:8:      layout_cave_pools, kennysheep_just_a_vault
D:9:      layout_roguey, uniq_psyche, uniq_erolcha
Temple:   compressed_dpeg_triangle_lava_temple
Abyss:1:  base: D:4, base:
D:4

Skill      XL: |  1  2  3  4  5  6  7  8  9 10 |
---------------+-------------------------------+-----
Spellcasting   | 3 4 5 6 7 |  7.5
Translocations | 1 2 4 5 6 |  6.7
Hexes          | 1 2 3 4 5 |  5.9
Conjurations   | 5 6 8 9 |  9.5
Fighting       | 1 |  1.4
Dodging        | 2 3 |  3.0
Stealth        | 2 3 |  3.0
Evocations     | 3 4 |  4.0
Earth Magic    | 2 |  2.7
Ice Magic      | 2 |  2.9
Maces & Flails | |  0.1
Staves         | |  0.7
Fire Magic     | |  0.7

Action                   |  1- 3 |  4- 6 |  7- 9 | 10-12 || total
-------------------------+-------+-------+-------+-------++-------
Melee: Whip              |    28 |    72 |     7 |       ||   107
       Tailslap          |     1 |     9 |    10 |     4 ||    24
       Staff             |       |       |    80 |    49 ||   129
Throw: Boomerang         |       |    14 |       |     5 ||    19
 Cast: Magic Dart        |    74 |    51 |   100 |    36 ||   261
       Searing Ray       |     6 |    26 |    65 |    38 ||   135
       Iskenderun's Myst |       |     9 |    27 |    11 ||    47
       Fulminant Prism   |       |     1 |    18 |    15 ||    34
       Metabolic Englaci |       |       |       |     4 ||     4
       Foxfire           |       |       |       |     4 ||     4
       Blink             |       |       |       |     2 ||     2
Evoke: Staff of energy   |       |       |    10 |     2 ||    12
       Wand              |       |       |     5 |     4 ||     9
  Use: Scroll            |     6 |     1 |    10 |     4 ||    21
       Potion            |       |     5 |     2 |     2 ||     9
 Stab: Sleeping          |       |       |       |     1 ||     1
  Eat: Chunk             |     6 |    10 |    17 |    10 ||    43
       Ration            |       |       |     3 |       ||     3
Armor: Skin              |    27 |    75 |   123 |    95 ||   320
Dodge: Dodged            |    33 |   111 |   198 |    87 ||   429
       Repelled          |       |       |     5 |     4 ||     9
